 Dungeon Crawl Stone Soup version 0.30.0-18-gc0e69614cb (webtiles) character file.

Game seed: 12356623321946647528

75 Irreverend the Shield-Bearer (level 4, -6/37 HPs)
             Began as a Formicid Fighter on May 25, 2023.
             Mangled by an orc
             ... wielding a +0 heavy trident
              (8 damage)
             ... on level 3 of the Dungeon.
             The game lasted 00:02:31 (1656 turns).

Irreverend the Shield-Bearer (Formicid Fighter)     Turns: 1656, Time: 00:02:32

Health: -6/37      AC: 11    Str: 22    XL:     4   Next: 55%
Magic:  0/4        EV:  9    Int:  8    God:
Gold:   114        SH:  5    Dex: 13    Spells: 3/3 levels left

rFire   . . .        a - +0 flail
rCold   . . .        c - +0 buckler
rNeg    . . .        b - +0 scale mail
rPois   .            (helmet unavailable)
rElec   .            (no cloak)
rCorr   .            (no gloves)
SInv    +            (no boots)
Will    .....        l - amulet of guardian spirit Stlth
                     m - +4 ring of protection
HPRegen 0.26/turn    (no ring)
MPRegen 0.09/turn

%: guardian spirit
@: mighty
A: permanent stasis, dig shafts and tunnels, antennae 3, four strong arms
a: Dig, Shaft Self


You were on level 3 of the Dungeon.
You visited 1 branch of the dungeon, and saw 3 of its levels.

You collected 114 gold pieces.

Inventory:

Hand Weapons
 a - a +0 flail (weapon)
Missiles
 h - a throwing net
Armour
 b - a +0 scale mail (worn)
 c - a +0 buckler (worn)
Jewellery
 l - an amulet of guardian spirit (around neck)
 m - a +4 ring of protection (left hand)
Scrolls
 e - 2 scrolls of vulnerability {unknown}
 f - a scroll of blinking {unknown}
 g - a scroll of identify {unknown}
 i - 2 scrolls of noise {unknown}
Potions
 d - 3 potions of might
 j - 2 potions of degeneration {unknown}
 k - a potion of heal wounds {unknown}
 n - a potion of flight {unknown}


   Skills:
 + Level 3.8 Fighting
 * Level 3.1 Maces & Flails
 + Level 3.8 Armour
 + Level 4.6 Shields


You had 3 spell levels left.
You didn't know any spells.
Your spell library contained the following spells:

 Spells                   Type           Power      Damage    Failure   Level
 Freeze                   Ice            0%         1d3       80%         1
 Magic Dart               Conj           0%         1d3       80%         1
 Searing Ray              Conj           0%         2d4       90%         2
 Frozen Ramparts          Ice            0%         1d1       99%         3
 Hailstorm                Conj/Ice       0%         3d3       99%         3
 Fulminant Prism          Conj/Hex       0%         3d5       100%        4


Dungeon Overview and Level Annotations

Branches:
Dungeon (3/15)

Altars:


Innate Abilities, Weirdness & Mutations

You cannot be hasted, slowed, berserked, paralysed or teleported.
You can dig through walls and to a lower floor.
You have a pair of large antennae on your head. (SInv)
Your four strong arms can wield two-handed weapons with a shield.


Message History

The orc wizard attacks as you move away!
The orc wizard barely misses you.
The orc wizard points at you and mumbles some strange words.
You are more confused.
You miss the orc wizard.
The orc wizard hits you but does no damage.
The orc hits you but does no damage.
You miss the orc wizard.
The orc wizard hits you but does no damage.
The orc priest looks braver for a moment.
The orc hits you from afar with a +0 heavy trident!
You're too confused to move!
The orc hits you but does no damage.
You hit the orc.
The orc is severely wounded.
The orc hits you from afar with a +0 heavy trident!
The orc hits you with a +0 club.
* * * LOW HITPOINT WARNING * * *
You're too confused to move!
The orc hits you from afar with a +0 heavy trident.
* * * LOW HITPOINT WARNING * * *
The orc priest calls upon Beogh to heal the orc.
The orc hits you but does no damage.
You feel very mighty all of a sudden. The orc barely misses you.
You bump into the rock wall.
The orc barely misses you. x2
You miss the orc.
The orc is severely wounded.
The orc completely misses you.
The orc priest calls down the wrath of Beogh upon you.
Beogh smites you!
* * * LOW HITPOINT WARNING * * *
The orc barely misses you.
You bump into the rock wall.
The orc hits you with a +0 club.
* * * LOW HITPOINT WARNING * * *
The orc closely misses you.
You bump into the rock wall.
The orc hits you but does no damage.
You're too confused to move!
You feel less confused.
The orc hits you from afar with a +0 heavy trident!
You die...

#..# #..## #....
###(.... ##
......g. ##.
#.#.##o#######
..###.#..ooo......
..##.#.##o# #
#.##.#.##@# .#
#.##.#.##.# .
#)........# #.
#..########
#.#####..#
##........#
..........#
####^..##.#
##.###.#


You could see an orc priest, 2 orc wizards, 2 orcs and a hobgoblin.

Vanquished Creatures
  An adder (D:2)
  2 worms (D:2)
  3 dart slugs
  An orc (D:3)
  2 bats (D:2)
  6 endoplasms
  A giant cockroach (D:3)
  6 goblins
  3 hobgoblins
  9 jackals
  4 ball pythons
  5 frilled lizards
  2 kobolds
  2 rats
47 creatures vanquished.

Notes
Turn   | Place    | Note
-------+----------+-------------------------------------------
     0 | D:1      | Irreverend the Formicid Fighter began the quest for the
                  | Orb.
     0 | D:1      | Reached XP level 1. HP: 18/18 MP: 1/1
   111 | D:1      | Found a faded altar of an unknown god.
   132 | D:1      | Reached XP level 2. HP: 24/24 MP: 2/2
   422 | D:1      | Reached XP level 3. HP: 29/29 MP: 3/3
  1195 | D:2      | Reached XP level 4. HP: 33/37 MP: 2/4
  1654 | D:3      | HP: 1/37 [orc/+0 club (1)]
  1656 | D:3      | Mangled by an orc

Illustrated notes

Levels and vault maps discovered:
D:1:      roderic_octagonal_star, layout_loops_ring,
          chequers_ecumenical_altar_twisty
D:2:      layout_basic
D:3:      kennysheep_goblin_castle, layout_loops_ring

Skill      XL: |  1  2  3 |
---------------+----------+-----
Maces & Flails | 3 |  3.1
Fighting       | |  3.8
Armour         | |  3.8
Shields        | |  4.6

Action                     |  1- 3 |  4- 6 || total
---------------------------+-------+-------++-------
  Melee: Flail             |    97 |    41 ||   138
    Use: Potion            |       |     1 ||     1
 Armour: Scale mail        |    61 |    30 ||    91
  Dodge: Dodged            |    55 |    29 ||    84
  Block: Buckler           |    20 |     7 ||    27
